 Dungeon Crawl Stone Soup version 0.23.0 (webtiles) character file.

Game seed: 8442361602547785228

10118 IcyTea the Carver (level 11, 0/75 HPs)
             Began as a Human Fighter on Feb 8, 2019.
             Was an Elder of Ru.
             Killed from afar by a gargoyle (15 damage)
             ... with a stone arrow
             ... on level 11 of the Dungeon.
             The game lasted 00:52:08 (14817 turns).

IcyTea the Carver (Human Fighter)                  Turns: 14817, Time: 00:52:09

Health: 0/75       AC: 18    Str: 16    XL:     11   Next: 87%
Magic:  0/16       EV:  5    Int: 13    God:    Ru [****..]
Gold:   761        SH: 10    Dex: 12    Spells: 13/17 levels left

rFire    . . .     SeeInvis .   a - +3 long sword
rCold    x . .     Gourm    .   c - +0 shield
rNeg     . . .     Faith    .   D - +1 chain mail {rF+}
rPois    +         Spirit   +   (no helmet)
rElec    .         Reflect  .   t - +0 cloak
rCorr    .         Harm     .   (no gloves)
MR       .....                  H - +0 pair of boots (curse)
Stlth    ..........             C - amulet of guardian spirit (curse)
HPRegen  0.22/turn              u - +4 ring of protection
MPRegen  0.15/turn              A - ring of poison resistance

@: no status effects
A: inability to train dodging, temperature sensitive
a: Draw Out Power, Power Leap, Renounce Religion


You were on level 11 of the Dungeon.
You worshipped Ru.
Ru was greatly pleased with you.
You were not hungry.

You visited 2 branches of the dungeon, and saw 12 of its levels.
You also visited: Bailey.

You collected 761 gold pieces.

Inventory:

Hand Weapons
 a - a +3 long sword (weapon)
 b - a +2 dagger of venom
Missiles
 G - 66 tomahawks of returning (quivered)
Armour
 c - a +0 shield (worn)
 t - a +0 cloak (worn)
 D - a +1 chain mail of fire resistance (worn)
 H - a cursed +0 pair of boots (worn)
Jewellery
 u - a +4 ring of protection (left hand)
 A - a ring of poison resistance (right hand)
 C - a cursed amulet of guardian spirit (around neck)
Wands
 h - a wand of polymorph (2)
 s - a wand of flame (14)
 w - a wand of iceblast (12)
 y - a wand of disintegration (4)
 B - a wand of enslavement (3)
 E - a wand of random effects (13)
Scrolls
 e - 5 scrolls of blinking
 i - a scroll of immolation
 j - 2 scrolls of fog
 l - 9 scrolls of remove curse
 m - 8 scrolls of teleportation
 n - 3 scrolls of identify
 o - 2 scrolls of summoning {unknown}
 q - a scroll of enchant armour
 v - a scroll of enchant weapon
Potions
 d - a potion of might
 g - 2 potions of curing
 k - 2 potions of cancellation
 p - a potion of heal wounds
 r - 4 potions of lignification
 z - a potion of flight
Comestibles
 f - 23 rations
 x - 2 chunks of flesh


   Skills:
 - Level 3.0 Fighting
 + Level 12.9 Long Blades
 - Level 2.0 Throwing
 - Level 7.0 Armour
 - Level 7.6 Shields
 - Level 3.7 Spellcasting
 - Level 6.0 Summonings


You had 13 spell levels left.
You knew the following spells:

 Your Spells              Type           Power        Failure   Level  Hunger
a - Confuse               Hex            #.......     100%        3    ###....
b - Summon Butterflies    Summ           ###.....     52%         1    #......

Your spell library contained the following spells:

 Spells                   Type           Power        Failure   Level  Hunger
 Summon Small Mammal      Summ           ###.         52%         1    #......
 Confusing Touch          Hex            #.....       100%        1    #......
 Gell's Gravitas          Tloc           #.........   100%        3    ###....
 Petrify                  Tmut/Erth      #.......     100%        4    #####..
 Summon Ice Beast         Ice/Summ       ##......     100%        4    #####..
 Lightning Bolt           Conj/Air       #.........   100%        5    ######.
 Metabolic Englaciation   Hex/Ice        #.........   100%        5    ######.
 Yara's Violent Unravell  Hex/Tmut       #.........   100%        5    ######.
 Dragon's Call            Summ           ###.......   100%        9    #######


Dungeon Overview and Level Annotations

Branches:
Dungeon (11/15)            Temple (1/1) D:4            Lair (0/6) D:9
    Orc (0/2) D:10

Altars:
Ashenzari
Cheibriados
Dithmenos
Elyvilon
Fedhas
Gozag
Hepliaklqana
Kikubaaqudgha
Makhleb
Nemelex Xobeh
Okawaru
Qazlal
Ru
Sif Muna
Trog
Uskayaw
Vehumet
Wu Jian
Xom
Yredelemnul
Zin
The Shining One
Beogh

Shops:
D:7 (


Innate Abilities, Weirdness & Mutations

You cannot train Dodging skill.
You are sensitive to extremes of temperature. (rF-, rC-)


Message History

* * * LOW HITPOINT WARNING * * *
You hit the gargoyle but do no damage.
The gargoyle is almost destroyed.
You block the gargoyle's attack.
You hit the gargoyle but do no damage.
The gargoyle is almost destroyed.
Press: ? - help, v - describe, . - travel, g - get item
Here: a gargoyle, wielding a +0 mace (almost destroyed)
A +0 war axe.
There is something else lying underneath.
The floor, spattered with blood.
You hit the gargoyle but do no damage.
The gargoyle is almost destroyed.
The gargoyle hits you with a +0 mace!
* * * LOW HITPOINT WARNING * * *
You barely miss the gargoyle.
The gargoyle is almost destroyed.
The gargoyle hurls a stone arrow at you.
The stone arrow hits you!!
You die...

######### #≈.#
##≈.# #.≈.#
#.≈## ##.≈#
#∩.≈# ##.≈#
#9)# #@≈## #
##≈.# #
######### #≈.#
#.......###≈.#
≈≈≈≈≈≈≈≈≈)≈≈.#
#####
#.########...#
#..<# #..##
#...# #.##
###.# #.#


You could see a gargoyle.

Vanquished Creatures
  An ugly thing (D:11)
  A troll (D:9)
  Prince Ribbit (D:6)
  4 slime creatures
  Sigmund (D:3)
  A spriggan (D:7)
  3 wyverns
  7 yaks
  2 hungry ghosts
  2 black bears (D:10)
  11 orc warriors
  A sky beast (D:10)
  2 phantoms
  2 ice beasts
  A necrophage (D:11)
  3 wolves
  5 ogres
  The ghost of PeterQ the Cutter, an amateur DsGl (D:4)
  2 big kobolds
  A gnoll sergeant (D:5)
  4 bullfrogs
  5 scorpions
  6 killer bees (D:10)
  9 wights
  8 howler monkeys
  3 centaur zombies
  2 crimson imps
  8 orc wizards
  9 hounds
  10 orc priests
  A centaur skeleton (D:6)
  3 iguanas
  13 worker ants
  2 hound zombies
  A mummy (D:11)
  19 gnolls
  18 adders
  3 shadow imps
  An ooze (D:3)
  3 adder skeletons
  An adder zombie (D:6)
  4 worms
  4 dart slugs
  7 leopard geckos
  71 orcs
  3 ball pythons
  8 bats
  6 giant cockroaches
  25 goblins
  16 hobgoblins
  4 jackals (D:1)
  37 kobolds
  2 quokkas (D:2)
  9 frilled lizards
  A jackal skeleton (D:7)
  5 rats
383 creatures vanquished.

Vanquished Creatures (others)
  A yak (D:11)
  A gnoll sergeant (D:9)
  An orc wizard (D:10)
  An orc (D:10)
  A fungus (D:4)
  3 plants (D:4)
8 creatures vanquished.

Grand Total: 391 creatures vanquished

Notes
Turn   | Place    | Note
-------+----------+-------------------------------------------
     0 | D:1      | IcyTea the Human Fighter began the quest for the Orb.
     0 | D:1      | Reached XP level 1. HP: 18/18 MP: 1/1
    32 | D:1      | Reached XP level 2. HP: 10/24 MP: 2/2
   249 | D:1      | Reached skill level 3 in Long Blades
   391 | D:1      | Reached XP level 3. HP: 23/29 MP: 3/3
   772 | D:2      | Reached skill level 4 in Long Blades
   772 | D:2      | Reached XP level 4. HP: 34/35 MP: 4/4
  1281 | D:2      | Reached XP level 5. HP: 30/41 MP: 5/5
  1341 | D:2      | Found a hazy altar of Hepliaklqana.
  1500 | D:2      | Reached skill level 5 in Long Blades
  3021 | D:3      | Reached XP level 6. HP: 44/47 MP: 6/6
  3370 | D:3      | Reached skill level 6 in Long Blades
  3516 | D:3      | Noticed Sigmund
  3533 | D:3      | Killed Sigmund
  3533 | D:3      | Reached skill level 7 in Long Blades
  3533 | D:3      | Reached XP level 7. HP: 47/52 MP: 7/7
  3772 | D:3      | Found an ancient bone altar of Kikubaaqudgha.
  3901 | D:3      | Found a bloodstained altar of Trog.
  4262 | D:4      | Found a staircase to the Ecumenical Temple.
  4277 | D:4      | Learned a level 3 spell: Confuse
  4280 | Temple   | Entered the Ecumenical Temple
  4537 | Temple   | Became a worshipper of Ru the Awakened
  4580 | D:4      | Found a runed translucent gate.
  4582 | D:4      | Found a runed translucent gate.
  4582 | D:4      | Noticed PeterQ's ghost (amateur DsGl)
  4583 | D:4      | Found a runed translucent gate.
  4777 | D:4      | Reached skill level 8 in Long Blades
  4818 | D:4      | Reached XP level 8. HP: 55/58 MP: 8/8
  4909 | D:5      | Entered Level 5 of the Dungeon
  4909 | D:5      | Found a white marble altar of Elyvilon.
  5263 | D:5      | Reached skill level 9 in Long Blades
  5413 | D:5      | Found an ornate altar of the Wu Jian Council.
  5538 | D:5      | Identified the Almanac of Creative Feathers
  5547 | D:5      | Learned a level 1 spell: Summon Butterflies
  5853 | D:5      | Reached skill level 10 in Long Blades
  6126 | D:5      | Gained mutation: You cannot train Dodging skill. [Ru
                  | sacrifice]
  6126 | D:5      | Reached * piety under Ru
  6634 | D:6      | Reached skill level 1 in Spellcasting
  6678 | D:6      | Reached XP level 9. HP: 42/63 MP: 9/11
  6682 | D:6      | Reached skill level 1 in Summonings
  7034 | D:6      | Found an opulent altar of Gozag.
  7111 | D:6      | Found a snail-covered altar of Cheibriados.
  7416 | D:6      | Reached skill level 5 in Armour
  7574 | D:4      | Killed PeterQ's ghost
  7719 | D:7      | Found Satez's Weapon Shop.
  7969 | D:7      | Noticed Prince Ribbit
  7995 | D:6      | Killed Prince Ribbit
  8349 | D:7      | Reached XP level 10. HP: 60/70 MP: 10/12
  8429 | D:7      | Reached skill level 5 in Shields
  8749 | D:8      | Gained mutation: You are sensitive to extremes of
                  | temperature. (rF-, rC-) [Ru sacrifice]
  8749 | D:8      | Reached ** piety under Ru
  8749 | D:8      | Reached *** piety under Ru
  8749 | D:8      | Reached **** piety under Ru
  9778 | D:8      | Found a glowing golden altar of the Shining One.
 10298 | D:9      | Reached skill level 5 in Summonings
 10876 | D:9      | Found a blossoming altar of Fedhas.
 10910 | D:8      | Reached XP level 11. HP: 32/75 MP: 7/16
 11326 | D:9      | Found a staircase to the Lair.
 11447 | D:10     | Entered Level 10 of the Dungeon
 11673 | D:10     | Reached skill level 11 in Long Blades
 11733 | D:10     | Found a staircase to the Orcish Mines.
 12346 | D:10     | Found a roughly hewn altar of Beogh.
 12897 | D:10     | Reached skill level 12 in Long Blades
 14144 | D:11     | Found a flagged portal.
 14152 | Bailey   | Entered a bailey
 14412 | Bailey   | Reached skill level 1 in Throwing
 14744 | D:11     | Noticed a cyan ugly thing
 14789 | D:11     | Killed a white ugly thing
 14817 | D:11     | Killed from afar by a gargoyle

Skill      XL: |  1  2  3  4  5  6  7  8  9 10 11 |
---------------+----------------------------------+-----
Long Blades    | 3 4 5 7 8 10 12 | 12.9
Spellcasting   | 1 3 |  3.7
Summonings     | 2 6 |  6.0
Armour         | 7 |  7.0
Shields        | 4 7 |  7.6
Throwing       | 2 |  2.0
Fighting       | |  3.0

Action                   |  1- 3 |  4- 6 |  7- 9 | 10-12 || total
-------------------------+-------+-------+-------+-------++-------
Melee: Long sword        |   101 |   166 |   231 |  1011 ||  1509
       Dagger            |       |    92 |   321 |       ||   413
Throw: Tomahawk          |       |       |     1 |    23 ||    24
Invok: Sacrifice Nimblen |       |       |     1 |       ||     1
       Draw Out Power    |       |       |       |     1 ||     1
       Sacrifice Resista |       |       |       |     1 ||     1
       Power Leap        |       |       |       |     5 ||     5
       Reject Sacrifices |       |       |       |     1 ||     1
  Use: Scroll            |       |     6 |     8 |     1 ||    15
       Potion            |       |     1 |       |     3 ||     4
 Stab: Invisible         |       |       |       |     7 ||     7
       Distracted        |       |       |       |     4 ||     4
  Eat: Chunk             |       |     9 |    16 |    20 ||    45
       Ration            |       |       |     1 |     2 ||     3
Armor: Scale mail        |    48 |   102 |   172 |       ||   322
       Chain mail        |       |       |    15 |   479 ||   494
Dodge: Dodged            |    32 |    49 |    83 |   165 ||   329
Block: Shield            |    48 |   130 |   181 |   504 ||   863
       Rpst.: Long sword |     7 |     7 |    13 |    41 ||    68
